 Dungeon Crawl Stone Soup version 0.29.0-4-gdea44cf6ec (webtiles) character file.

Game seed: 7632705383160533875

73 qw the Chopper (level 4, 0/28 HPs)
             Began as a Gargoyle Fighter on Sept 10, 2022.
             Slain by an orc wizard
             ... wielding a +0 dagger
              (3 damage)
             ... on level 3 of the Dungeon.
             The game lasted 00:00:50 (2395 turns).

qw the Chopper (Gargoyle Fighter)                   Turns: 2395, Time: 00:00:51

Health: 0/28       AC: 10    Str: 22    XL:     4   Next: 27%
Magic:  4/4        EV:  9    Int:  8    God:
Gold:   109        SH:  0    Dex:  9    Spells: 3/3 levels left

rFire   . . .      SeeInvis .   Y - +1 war axe
rCold   . . .      Faith    .   c - +0 buckler
rNeg    + . .      Spirit   .   b - +0 scale mail
rPois   inf        Reflect  .   (no helmet)
rElec   +          Harm     .   (no cloak)
rCorr   .          Rampage  .   (no gloves)
Will    .....                   (no boots)
Stlth   ..........              (no amulet)
HPRegen 0.09/turn               (no ring)
MPRegen 0.09/turn               (no ring)

@: confused
A: sickness immunity, AC +3, negative energy resistance 1, electricity
resistance, torment resistance 1, petrification resistance
a: no special abilities


You were on level 3 of the Dungeon.
You visited 1 branch of the dungeon, and saw 3 of its levels.

You collected 109 gold pieces.


Innate Abilities, Weirdness & Mutations

You are immune to sickness and miasma.
Your stone body is resilient. (AC +3)
You are immune to poison.
You resist negative energy. (rN+)
You are resistant to electric shocks. (rElec)
You are resistant to unholy torment.
You are immune to petrification.


   Skills:
 - Level 3.2 Fighting
 + Level 4.0 Axes
 - Level 3.2 Armour
 - Level 3.2 Shields


You had 3 spell levels left.
You didn't know any spells.
Your spell library was empty.

Inventory:

Hand Weapons
 g - a +0 club
 Y - a +1 war axe (weapon)
Armour
 b - a +0 scale mail (worn)
 c - a +0 buckler (worn)
Scrolls
 a - a scroll of noise {unknown}
 f - a scroll of identify
Potions
 d - a potion of might
 e - a potion of haste {unknown}
 i - a potion of heal wounds {unknown}
 j - a potion of lignification {unknown}

Dungeon Overview and Level Annotations

Branches:
Dungeon (3/15)

Altars:


Message History

2368 ||| FLEEEEING.
2369 ||| FLEEEEING.
Something hits you.
2370 ||| FLEEEEING.
2371 ||| FLEEEEING.
Something hits you but does no damage.
2372 ||| FLEEEEING.
Something hits you but does no damage.
2373 ||| FLEEEEING.
2374 ||| FLEEEEING.
Something hits you but does no damage.
2375 ||| FLEEEEING.
2376 ||| FLEEEEING.
2377 ||| FLEEEEING.
You hear some strange, mumbled words.
Something tries to affect you, but you resist.
2379 ||| FLEEEEING.
2380 ||| FLEEEEING.
2383 ||| FLEEEEING.
A puff of flame appears from out of thin air!
The puff of flame hits you.
You are confused.
You are more confused.
You bump into the rock wall.
You bump into the rock wall.
You hear some strange, mumbled words.
Something tries to affect you, but you resist.
You're too confused to move!
You bump into the rock wall.
You bump into the rock wall.
Something hits you but does no damage.
You closely miss something. Something hits you but does no damage.
You miss something. Something hits you but does no damage. Something hits you.
You bump into the rock wall.
You hear some strange, mumbled words.
A magic dart appears from out of thin air!
The magic dart hits you.
You're too confused to attack without stumbling around!
You start resting.
There is a strange disturbance nearby!
Something hits you.
You die...

#. #.# #.# ####..#.# ###.#
#.....#.# ..#.# #########
#.#.....#.# #.#.#####........
#.#.....#.# #.#..............
#.........# #.#.###..........
#.........# #.....#.#........
#.........#####...#.#%.......
#..........oo{@...#.#<.......
#........##########.#........
.#####......... ..#....#+##
###o.....## ########
#.......... #.######### #o#
#.# #.#


You could see 2 orcs.

Vanquished Creatures
  2 adders (D:2)
  A dart slug (D:1)
  2 orcs (D:3)
  8 endoplasms
  5 giant cockroaches (D:2)
  2 goblins
  5 hobgoblins
  A quokka (D:1)
  3 ball pythons
  6 bats
  A frilled lizard (D:1)
  6 kobolds
  4 rats
46 creatures vanquished.

Notes
Turn   | Place    | Note
-------+----------+-------------------------------------------
     0 | D:1      | qw the Gargoyle Fighter began the quest for the Orb.
     0 | D:1      | Reached XP level 1. HP: 14/14 MP: 1/1
     0 | D:1      | 0 ||| qw: Version: 0.1-a-116-g5d60599
     0 | D:1      | 0 ||| qw: Game counter: 7416
     0 | D:1      | 0 ||| qw: Always use a shield: true
     0 | D:1      | 0 ||| qw: God list: Okawaru
     0 | D:1      | 0 ||| qw: Allow faded altars: false
     0 | D:1      | 0 ||| qw: Do Orc after D:15 true
     0 | D:1      | 0 ||| qw: Do second Lair branch before Depths: true
     0 | D:1      | 0 ||| qw: Lair rune preference: random
     0 | D:1      | 0 ||| qw: Plans: Normal, Zot, God:TSO, Crypt, Tomb, Zig,
                  | Orb
     0 | D:1      | 0 ||| PLANNING D:1-11
    47 | D:1      | Reached skill level 2 in Axes
    67 | D:1      | 67 ||| Stepping ~*~*~tactically~*~*~ (stealth).
    69 | D:1      | 69 ||| Stepping ~*~*~tactically~*~*~ (stealth).
   318 | D:1      | Reached XP level 2. HP: 19/19 MP: 2/2
   401 | D:1      | Found a faded altar of an unknown god.
   596 | D:1      | 596 ||| Stepping ~*~*~tactically~*~*~ (hiding).
   599 | D:1      | Reached skill level 3 in Axes
   604 | D:1      | Reached XP level 3. HP: 23/23 MP: 3/3
   959 | D:1      | 959 ||| READING scroll labelled ZEGGAU TONOLY.
   960 | D:1      | 960 ||| READING scroll labelled UXACLI IREC ZESK.
   961 | D:1      | 961 ||| READING scroll labelled AGIOXZ YN HUO.
   965 | D:1      | 965 ||| READING scroll labelled QISELER RAOCI.
  1042 | D:2      | 1042 ||| STAIRDANCE
  1859 | D:2      | Reached XP level 4. HP: 27/28 MP: 4/4
  2131 | D:2      | 2131 ||| READING scroll labelled KEPRID JANOE.
  2232 | D:2      | 2232 ||| READING scroll labelled JAICWAMOPU.
  2233 | D:2      | 2233 ||| READING scroll labelled BOUNWANGOMP.
  2234 | D:2      | 2234 ||| READING scroll labelled SOALER HIUDATE.
  2235 | D:2      | 2235 ||| READING 2 scrolls of identify.
  2235 | D:2      | 2235 ||| IDENTIFYING inky potion
  2236 | D:2      | 2236 ||| DROPPING potion of berserk rage.
  2336 | D:3      | Reached skill level 4 in Axes
  2346 | D:3      | 2346 ||| FLEEEEING.
  2347 | D:3      | 2347 ||| FLEEEEING.
  2348 | D:3      | 2348 ||| FLEEEEING.
  2349 | D:3      | 2349 ||| FLEEEEING.
  2366 | D:3      | 2366 ||| FLEEEEING.
  2367 | D:3      | 2367 ||| FLEEEEING.
  2368 | D:3      | 2368 ||| FLEEEEING.
  2369 | D:3      | 2369 ||| FLEEEEING.
  2370 | D:3      | 2370 ||| FLEEEEING.
  2371 | D:3      | 2371 ||| FLEEEEING.
  2372 | D:3      | 2372 ||| FLEEEEING.
  2373 | D:3      | 2373 ||| FLEEEEING.
  2374 | D:3      | 2374 ||| FLEEEEING.
  2375 | D:3      | 2375 ||| FLEEEEING.
  2376 | D:3      | 2376 ||| FLEEEEING.
  2377 | D:3      | 2377 ||| FLEEEEING.
  2379 | D:3      | 2379 ||| FLEEEEING.
  2380 | D:3      | 2380 ||| FLEEEEING.
  2383 | D:3      | 2383 ||| FLEEEEING.
  2393 | D:3      | HP: 7/28 [something (2)]
  2394 | D:3      | HP: 3/28 [something/magic dart (4)]
  2395 | D:3      | Slain by an orc wizard

Levels and vault maps discovered:
D:1:      roderic_crossed_star, layout_loops_ring,
          hellmonk_ecumenical_altar_slurped_away, corexii_hall_statues_deadend
D:2:      layout_loops_ring
D:3:      layout_basic, roderic_roman_lattice

Skill      XL: |  1  2  3  4 |
---------------+-------------+-----
Axes           | 2 3 4 |  4.0
Fighting       | |  3.2
Armour         | |  3.2
Shields        | |  3.2

Action                   |  1- 3 |  4- 6 || total
-------------------------+-------+-------++-------
Melee: War axe           |   110 |    31 ||   141
  Use: Scroll            |     4 |     5 ||     9
Armor: Scale mail        |    45 |    25 ||    70
Dodge: Dodged            |    67 |    16 ||    83
Block: Buckler           |    25 |     2 ||    27

Table legend:
 A = Non-vault XP
 B = Vault XP
 C = Vault XP percentage of total XP
 D = Non-vault monster count
 E = Vault monster count
 F = Vault count percentage of total count
                 A         B        C        D         E       F
            +---------+---------+-------+---------+---------+-------
      Total |     103 |       2 |   1.9 |      45 |       1 |   2.2
            +---------+---------+-------+---------+---------+-------
        D:1 |      34 |       2 |   5.6 |      20 |       1 |   4.8
        D:2 |      60 |       0 |   0.0 |      21 |       0 |   0.0
        D:3 |       9 |       0 |   0.0 |       4 |       0 |   0.0
            +---------+---------+-------+---------+---------+-------
